 Dungeon Crawl Stone Soup version 0.15-a0-717-ga3c592f (webtiles) character file.

788 PolkaDot the Magician (level 7, 0/46 HPs)
             Began as a Vampire Wanderer on May 10, 2014.
             Slain by an orc warrior
             ... wielding a +0,+0 mace
              (7 damage)
             ... on Level 6 of the Dungeon.
             The game lasted 00:15:33 (4292 turns).

PolkaDot the Magician (Vampire Wanderer)            Turns: 4292, Time: 00:15:33

HP   0/46        AC  5     Str 10      XL: 7   Next: 56%
MP  20/20        EV 11     Int 19      God:
Gold 228         SH  0     Dex 11      Spells:  3 memorised, 12 levels left

rFire  x . .     SeeInvis +     n - +2,+5 dagger (vamp)
rCold  + . .     Clarity  .     c - +0 robe
rNeg   . . .     Conserve .     (no shield)
rPois  .         rCorr    .     B - +0 hat
rElec  .         rRot     .     y - +0 cloak
SustAb . .       Spirit   .     g - +0 pair of gloves
rMut   .         Warding  .     z - +0 pair of boots
Gourm  .         Stasis   .     (no amulet)
MR     .....                    C - cursed ring of loudness
                                s - ring of ice

@: regenerating quickly, not resistant to hostile enchantments, very unstealthy
A: bottle blood, fangs 3, see invisible, unbreathing
a: Bottle Blood


You were on level 6 of the Dungeon.
You were very full.

You visited 1 branch of the dungeon, and saw 6 of its levels.

You collected 228 gold pieces.

Inventory:

Hand weapons
 n - a +2,+5 vampiric dagger (weapon)
Armour
 c - a +0 robe (worn)
 g - a +0 pair of gloves (worn)
 y - a +0 cloak (worn)
 z - a +0 pair of boots (worn)
 B - a +0 hat (worn)
Magical devices
 r - a wand of confusion (17)
 u - a wand of digging (9)
 A - a wand of lightning (6) {unknown}
Scrolls
 b - a scroll of teleportation
 i - a scroll of amnesia {unknown}
 j - a scroll of recharging {unknown}
 k - a scroll of enchant weapon I {unknown}
 l - 2 scrolls of magic mapping {unknown}
 m - 4 scrolls of identify {unknown}
 q - 2 scrolls of remove curse {unknown}
 v - a scroll of fog {unknown}
 w - 2 scrolls of noise {unknown}
Jewellery
 s - a ring of ice (left hand)
 C - a cursed ring of loudness (right hand)
Potions
 d - 3 potions of magic {unknown}
 e - a potion of restore abilities {unknown}
 f - a potion of lignification {unknown}
 h - 2 potions of degeneration {unknown}
 o - 2 potions of curing {unknown}
 p - a potion of flight {unknown}
 x - 2 potions of poison {unknown}
Books
 a - a book of Minor Magic

   Spells                             Type                      Level
   Magic Dart                         Conjuration                  1
   *Blink                             Translocation                2
   Call Imp                           Summoning                    2
   Repel Missiles                     Charms/Air                   2
   Slow                               Hexes                        2
   Conjure Flame                      Conjuration/Fire             3
   *Mephitic Cloud                    Conjuration/Poison/Air       3
 t - a book of Debilitation

   Spells                             Type                      Level
   Corona                             Hexes                        1
   Slow                               Hexes                        2
   Inner Flame                        Hexes/Fire                   3
   Enslavement                        Hexes                        4
   Cause Fear                         Hexes                        4
   Leda's Liquefaction                Hexes/Earth                  4


   Skills:
 + Level 3.7 Short Blades
 - Level 3.0 Stealth
 - Level 6.0 Spellcasting
 + Level 3.8 Conjurations
 - Level 1.8 Fire Magic
 * Level 5.2 Air Magic


You had 12 spell levels left.
You knew the following spells:

 Your Spells              Type           Power        Failure   Level  Hunger
a - Flame Tongue          Conj/Fire      #....        4%          1    None
q - Blink                 Tloc           N/A          17%         2    None
z - Mephitic Cloud        Conj/Pois/Air  ###.....     12%         3    ##.....


Dungeon Overview and Level Annotations

Branches:
Dungeon (6/15)
 Temple: D:4-7

Altars:
Ashenzari
Okawaru
The Shining One


Innate Abilities, Weirdness & Mutations

Your natural rate of healing is unusually fast.
You can bottle blood from corpses.
You have razor-sharp teeth.*
You have supernaturally acute eyesight.
You can survive without breathing.*


Message History

You hit the orc warrior but do no damage.
The orc warrior is lightly wounded.
You draw the orc warrior's blood!
You feel better.
You feel slightly more full.
You hit the orc warrior but do no damage.
The orc warrior is lightly wounded.
The orc warrior closely misses you.
You barely miss the orc warrior.
The orc warrior is lightly wounded.
The orc warrior hits you with a mace!
You draw the orc warrior's blood!
You feel better.
You feel slightly more full.
You hit the orc warrior.
You feel better.
The orc warrior is moderately wounded.
You closely miss the orc warrior.
The orc warrior is moderately wounded.
The orc warrior hits you with a mace!
* * * LOW HITPOINT WARNING * * *
You closely miss the orc warrior.
The orc warrior is moderately wounded.
The orc warrior hits you with a mace!
You die...

# ..#.. . #.##.
....#... .....#
....#... #.#
...#.....# #.#
#.#.....#.. #.#
#.o)........ #.# #...#
##.######.#.#
#......@o...#
#.....####..# #.###.#
..# #.# #.# ..# #.#
#.# ..# ######.###.#
..# #####..........###
..# #...#.####>###....
..#
....#...........###..#
#


You could see an orc warrior.

Vanquished Creatures
  An ice beast (D:5)
  2 ogres
  A scorpion (D:4)
  A hippogriff skeleton (D:5)
  A crimson imp (D:3)
  A hound (D:5)
  An iguana (D:3)
  3 orc priests
  2 orc wizards (D:3)
  3 worker ants
  4 adders
  A giant mite (D:1)
  A worm (D:2)
  3 giant geckos
  4 oozes
  17 orcs
  3 ball pythons
  5 giant cockroaches
  7 hobgoblins
  6 jackals
  11 kobolds
  A quokka (D:6)
  7 bats
  5 giant newts
  10 goblins
  2 rats
103 creatures vanquished.

Notes
Turn   | Place    | Note
--------------------------------------------------------------
     0 | D:1      | PolkaDot, the Vampire Wanderer, began the quest for the Orb.
     0 | D:1      | Reached XP level 1. HP: 13/13 MP: 8/8
   637 | D:1      | Reached XP level 2. HP: 14/19 MP: 7/10
   710 | D:1      | Reached skill level 1 in Conjurations
  1185 | D:1      | Reached XP level 3. HP: 8/24 MP: 7/12
  1444 | D:2      | Found an iron altar of Okawaru.
  1544 | D:2      | Learned a level 2 spell: Blink
  1548 | D:2      | Learned a level 3 spell: Mephitic Cloud
  2015 | D:3      | Reached XP level 4. HP: 30/30 MP: 15/15
  2084 | D:3      | Reached skill level 1 in Air Magic
  2137 | D:3      | Found a glowing golden altar of the Shining One.
  2212 | D:3      | Reached skill level 1 in Short Blades
  2292 | D:3      | Reached XP level 5. HP: 24/35 MP: 17/17
  2866 | D:4      | Reached XP level 6. HP: 35/41 MP: 18/18
  3044 | D:4      | Noticed an ogre
  3052 | D:4      | Killed an ogre
  3413 | D:5      | Entered Level 5 of the Dungeon
  3482 | D:5      | Reached XP level 7. HP: 31/46 MP: 20/20
  3949 | D:5      | Reached skill level 5 in Air Magic
  3976 | D:5      | Identified a +0 rod of inaccuracy (10/10) (You found it on level 5 of the Dungeon)
  4154 | D:6      | Found a shattered altar of Ashenzari.
  4292 | D:6      | Slain by an orc warrior

Action                   |  1- 3 |  4- 6 |  7- 9 || total
-------------------------+-------+-------+-------++-------
Melee: Dagger            |    59 |   197 |   121 ||   377
       Short sword       |    27 |       |       ||    27
 Cast: Flame Tongue      |    33 |       |       ||    33
       Mephitic Cloud    |     1 |     2 |       ||     3
Evoke: Wand              |       |     2 |       ||     2
  Use: Potion            |     1 |       |       ||     1
 Stab: Sleeping          |     2 |       |       ||     2
       Confused          |     2 |     1 |       ||     3
